 Dungeon Crawl Stone Soup version 0.29-a0-870-g2c972031a6 (webtiles) character file.

Game seed: 17349670528509690451

91 Nato the Insei (level 4, -1/29 HPs)
             Began as an Octopode Transmuter on July 17, 2022.
             Slain by a river rat (3 damage)
             ... on level 3 of the Dungeon.
             The game lasted 00:03:30 (3253 turns).

Nato the Insei (Octopode Transmuter)                Turns: 3253, Time: 00:03:30

Health: -1/29      AC:  1    Str: 11    XL:     4   Next: 59%
Magic:  7/7        EV: 13    Int: 15    God:
Gold:   150        SH:  0    Dex: 12    Spells: 6/7 levels left

rFire   . . .      SeeInvis .     - Unarmed
rCold   . . .      Faith    .   (no shield)
rNeg    . . .      Spirit   .   (helmet currently unavailable)
rPois   .          Reflect  .   (no amulet)
rElec   .          Harm     .   (no ring)
rCorr   .          Rampage  .   (no ring)
Will    .....                   (no ring)
Stlth   ++........              (no ring)
HPRegen 0.09/turn               (no ring)
MPRegen 0.10/turn               (no ring)
                                (no ring)
                                (no ring)

@: appendages (expiring)
A: tentacle spike 3, almost no armour, amphibious, 8 rings, camouflage 1,
gelatinous body 1, (nimble swimmer 1), tentacles
a: End Transformation


You were on level 3 of the Dungeon.
One of your tentacles had grown a beastly spike.
You visited 1 branch of the dungeon, and saw 3 of its levels.

You collected 150 gold pieces.

Inventory:

Jewellery
 k - a ring of willpower
Wands
 h - a wand of iceblast (11)
Scrolls
 c - 4 scrolls of identify {unknown}
 d - a scroll of brand weapon {unknown}
 e - 2 scrolls of magic mapping {unknown}
 f - a scroll of blinking {unknown}
 i - 3 scrolls of teleportation {unknown}
Potions
 a - a potion of attraction {unknown}
 b - a potion of brilliance {unknown}
 g - a potion of curing {unknown}
 j - a potion of haste {unknown}


   Skills:
 + Level 2.1 Fighting
 + Level 2.7 Dodging
 + Level 3.7 Unarmed Combat
 - Level 2.1 Spellcasting
 + Level 2.8 Transmutations


You had 6 spell levels left.
You knew the following spells:

 Your Spells              Type           Power      Damage    Failure   Level
a - Beastly Appendage     Tmut           20%        N/A       7%          1

Your spell library contained the following spells:

 Spells                   Type           Power      Damage    Failure   Level
 Wereblood                Tmut           10%        N/A       11%         2
 Passwall                 Tmut/Erth      4%         N/A       19%         2
 Sandblast                Erth           2%         2d4       22%         1
 Ensorcelled Hibernation  Hex/Ice        2%         N/A       32%         2
 Spider Form              Tmut/Pois      5%         N/A       36%         3
 Stone Arrow              Conj/Erth      2%         3d7       54%         3
 Swiftness                Air            1%         N/A       54%         3
 Ice Form                 Ice/Tmut       5%         N/A       77%         4


Dungeon Overview and Level Annotations

Branches:
Dungeon (3/15)

Altars:
Xom


Innate Abilities, Weirdness & Mutations

One of your tentacles has grown a beastly spike.
You cannot wear most types of armour.
You are amphibious.
You can wear up to eight rings at the same time.
Your skin changes colour to match your surroundings (Stealth+).
Your rubbery body absorbs attacks. (AC +1, EV +1)
((You are camouflaged when in or above water. (Stealth+)))
You have tentacles for arms and can constrict up to eight enemies at once.


Message History

The river rat is moderately wounded.
The river rat bites you!
You barely miss the river rat. You grab the river rat.
You pierce the river rat, but do no damage.
The river rat is moderately wounded.
You constrict the river rat, but do no damage.
The quokka closely misses you. The river rat bites you!
You tentacle-slap the river rat.
You pierce the river rat, but do no damage.
The river rat is heavily wounded.
You constrict the river rat, but do no damage.
The quokka bites you but does no damage.
The river rat closely misses you.
You release your grip on the river rat.
The river rat attacks as you move away! The river rat bites you.
There is an open door here.
You closely miss the quokka. Your grab misses the quokka.
Your tentacle spike misses the quokka.
The quokka bites you.
* * * LOW HITPOINT WARNING * * *
You tentacle-slap the quokka. You grab the quokka.
The quokka is almost dead.
You constrict the quokka.
You kill the quokka!
Your transformation is almost over.
You barely miss the river rat. You grab the river rat.
Your tentacle spike misses the river rat.
You squeeze the river rat, but do no damage.
The river rat is heavily wounded.
You constrict the river rat, but do no damage.
The river rat barely misses you.
You tentacle-slap the river rat but do no damage.
You pierce the river rat.
Your squeeze misses the river rat.
The river rat is severely wounded.
You constrict the river rat. The river rat bites you.
* * * LOW HITPOINT WARNING * * *
You barely miss the river rat.
The river rat is severely wounded.
You constrict the river rat, but do no damage.
The river rat bites you.
You die...

### ## ..# #.##
#.# #...### #.#
####......# #.#
..<......# #.#
#........# #.#
#........# #.#
##.@##+ #.# #.
#..#rr# ..## #.#
#.##≈≈# ...#
#.###.#≈≈≈≈#
##.#
#.##..#≈≈≈≈# #.#
#.##..##≈≈##
##.#
##.##...#≈≈#
...#
#..##..##++#
...######..)...#
.


You could see a river rat and a quokka.

Vanquished Creatures
  3 adders (D:3)
  A worm (D:2)
  5 ball pythons
  7 endoplasms
  4 giant cockroaches
  6 goblins
  6 hobgoblins
  5 jackals
  2 quokkas (D:3)
  5 bats
  2 frilled lizards (D:1)
  4 kobolds
  4 rats
54 creatures vanquished.

Notes
Turn   | Place    | Note
-------+----------+-------------------------------------------
     0 | D:1      | Nato the Octopode Transmuter began the quest for the Orb.
     0 | D:1      | Reached XP level 1. HP: 13/13 MP: 3/3
   121 | D:1      | Reached XP level 2. HP: 9/18 MP: 5/5
   640 | D:1      | Found a faded altar of an unknown god.
   983 | D:1      | Reached XP level 3. HP: 13/23 MP: 4/6
  1619 | D:2      | Found a shimmering altar of Xom.
  2525 | D:3      | Reached XP level 4. HP: 29/29 MP: 5/7
  3253 | D:3      | Slain by a river rat

Illustrated notes

Levels and vault maps discovered:
D:1:      dpeg_arrival_tiny_f, layout_basic,
          hellmonk_ecumenical_altar_inner_sanctum
D:2:      layout_loops_corners, basic_altar
D:3:      minmay_inner_zag, layout_loops_corners, gup_sewer_entry_bowl

Skill      XL: |  1  2  3  4 |
---------------+-------------+-----
Fighting       | 2 |  2.1
Dodging        | |  2.7
Unarmed Combat | |  3.7
Spellcasting   | |  2.1
Transmutations | |  2.8

Action                   |  1- 3 |  4- 6 || total
-------------------------+-------+-------++-------
Melee: Unarmed           |    77 |    28 ||   105
       Tentacles         |    13 |     8 ||    21
       Constrict         |    19 |     7 ||    26
       Kick              |    17 |    11 ||    28
       Punch             |     2 |       ||     2
 Cast: Beastly Appendage |    27 |    11 ||    38
  Use: Potion            |     1 |       ||     1
 Stab: Sleeping          |     3 |     4 ||     7
Armor: Skin              |    23 |     2 ||    25
Dodge: Dodged            |    43 |    14 ||    57

Table legend: (Time is in decaauts)
 A = Elapsed time spent in this place.
 B = Non-inter-level travel time spent in this place.
 C = Inter-level travel time spent in this place.
 D = Time resting spent in this place.
 E = Time spent auto-exploring this place.
 F = Levels seen in this place.
 G = Mean time per level.
                   A        B        C        D        E       F      G
               +--------+--------+--------+--------+--------+-----+--------+
         Total |   3245 |   3155 |     90 |     22 |   2768 |   3 | 1081.7 |
       Dungeon |   3245 |   3155 |     90 |     22 |   2768 |   3 | 1081.7 |
               +--------+--------+--------+--------+--------+-----+--------+

Top non-repeatable levels by time:
     D:1: 1310 daAuts
     D:2: 1046 daAuts
     D:3: 889 daAuts
